 Dungeon Crawl Stone Soup version 0.32-a0-876-gcfddb08e57 (webtiles) character file.

Game seed: 13413403496702387438

33 choppaz the Ruffian (level 3, -1/24 HPs)
             Began as an Octopode Shapeshifter on Apr 1, 2024.
             Slain by a goblin
             ... wielding a +0 spear
              (4 damage)
             ... on level 2 of the Dungeon.
             The game lasted 00:03:37 (688 turns).

choppaz the Ruffian (Octopode Shapeshifter)          Turns: 688, Time: 00:03:37

Health: -1/24      AC:  1    Str: 15    XL:     3   Next: 29%
Magic:  3/3        EV: 12    Int: 12    God:
Gold:   131        SH:  0    Dex: 11    Spells: 2/2 levels left

rFire   . .          .
                       - Unarmed
rCold   . . .        (no shield)
rNeg    . . .        (helmet currently unavailable)
rPois   .            (no amulet)
rElec   .            (no ring)
rCorr   .            (no ring)
SInv    .            (no ring)
Will    .....        (no ring)
Stlth   ++           (no ring)
HPRegen 0.24/turn    (no ring)
MPRegen 0.08/turn    (no ring)
                     (no ring)

%: no passive effects
@: beast-form
A: beast (slay +1), almost no armour, amphibious, 8 rings, camouflage 1,
gelatinous body 1, (nimble swimmer 1), tentacles
a: Begin Untransformation


You were on level 2 of the Dungeon.
You were a hulking beast.
You visited 1 branch of the dungeon, and saw 2 of its levels.

You collected 131 gold pieces.

Inventory:

Missiles
 g - 3 atropa-tipped darts (quivered)
 h - 2 boomerangs
Talismans
 b - a beast talisman (active)
 c - a flux talisman
Scrolls
 d - a scroll of identify {unknown}
 f - a scroll of fog {unknown}
Potions
 a - a potion of lignification
 e - a potion of invisibility {unknown}


   Skills:
 + Level 2.1 Fighting
 + Level 2.4 Dodging
 + Level 3.2 Unarmed Combat
 + Level 3.2 Shapeshifting


You had 2 spell levels left.
You didn't know any spells.
Your spell library contained the following spells:

 Spells                   Type           Power      Damage    Failure   Level
 Foxfire                  Conj/Fire      0%         2x1d4     32%         1
 Plasma Beam              Fire/Air       0%         2x1d10    100%        6
 Starburst                Conj/Fire      0%         6d3       100%        6


Dungeon Overview and Level Annotations

Branches:
Dungeon (2/15)

Altars:
Cheibriados


Innate Abilities, Weirdness & Mutations

You are a hulking beast.
Your limbs bulge with bestial killing power. (Slay +1)
You cannot wear most types of armour.
You are amphibious.
You can wear up to eight rings at the same time.
Your skin changes colour to match your surroundings (Stealth+).
Your rubbery body absorbs attacks. (AC +1, EV +1)
((You are camouflaged when in or above water. (Stealth+)))
You have tentacles for arms and can constrict up to eight enemies at once.


Message History

The ball python barely misses you.
The goblin shoots a sling bullet.
The sling bullet hits you.
You bludgeon the ball python!
You kill the ball python!
The jackal barely misses you. The jackal bites you.
The goblin closely misses you.
You closely miss the jackal. You grab the jackal. You constrict the jackal.
The jackal pauses to sniff the ground.
The jackal barely misses you. The goblin closely misses you.
You tentacle-slap the jackal.
You kill the jackal!
The jackal bites you.
The goblin shoots a sling bullet.
The sling bullet closely misses you.
You completely miss the jackal. Your grab misses the jackal.
The jackal closely misses you.
The goblin hits you from afar with a +0 spear.
The goblin shoots a sling bullet.
The sling bullet misses you. The jackal bites you.
You barely miss the jackal. You grab the jackal. You squeeze the jackal.
You kill the jackal!
The goblin hits you from afar with a +0 spear.
The goblin shoots a sling bullet.
The sling bullet barely misses you.
You are too injured to fight recklessly!
You are too injured to fight recklessly!
You are too injured to fight recklessly!
You are too injured to fight recklessly!
You are too injured to fight recklessly!
The goblin shoots a sling bullet.
The sling bullet hits you.
* * * LOW HITPOINT WARNING * * *
The goblin attacks as it pursues you! The goblin misses you.
The goblin attacks as it pursues you! The goblin misses you.
The goblin attacks as it pursues you!
The goblin hits you from afar with a +0 spear.
* * * LOW HITPOINT WARNING * * *
The goblin attacks as it pursues you!
The goblin hits you from afar with a +0 spear.
* * * LOW HITPOINT WARNING * * *
The goblin attacks as it pursues you!
The goblin hits you from afar with a +0 spear.
You die...

.>..................#.#
#.
........#.#.†...#.###.#
#. ......$.#.#..)....#
#.# #.
#.......#.#.#.#..## #.#
#######
#.....g.#g#.#.#...# #..
.......
#.......#.#.#.#....####
.......
........#.#...###....
.......
#########g#########.##
....... #...g.h...#.#
#######
.........#####.# #
.........# # .........#
<. ## .........# #.. #.
.........# ..# ##
.......... ...
...####### #.# ###
#..##..


You could see 2 goblins.

Vanquished Creatures
  2 ball pythons
  3 bats (D:1)
  3 endoplasms (D:1)
  A giant cockroach (D:1)
  3 goblins
  2 hobgoblins (D:1)
  7 jackals (D:2)
  5 frilled lizards
  A kobold (D:2)
  2 rats
29 creatures vanquished.

Notes
Turn   | Place    | Note
-------+----------+-------------------------------------------
     0 | D:1      | choppaz the Octopode Shapeshifter began the quest for the
                  | Orb.
     0 | D:1      | Reached XP level 1. HP: 13/13 MP: 1/1
   104 | D:1      | Reached XP level 2. HP: 13/18 MP: 2/2
   507 | D:2      | Reached XP level 3. HP: 23/24 MP: 3/3
   617 | D:2      | Found a snail-covered altar of Cheibriados.
   688 | D:2      | Slain by a goblin

Illustrated notes

Levels and vault maps discovered:
D:1:      lemuel_arrival_muddy, layout_rooms
D:2:      layout_basic, basic_altar

Skill      XL: |  1  2  3 |
---------------+----------+-----
Fighting       | 2 |  2.1
Dodging        | |  2.4
Unarmed Combat | |  3.2
Shapeshifting  | |  3.2

Action                     || total
---------------------------++-------
  Melee: Unarmed           ||    45
         Constrict         ||    14
         Tentacles         ||     6
         Punch             ||     1
   Stab: Sleeping          ||     6
 Armour: Skin              ||    18
  Dodge: Dodged            ||    29

Table legend: (Time is in decaauts)
 A = Elapsed time spent in this place.
 B = Non-inter-level travel time spent in this place.
 C = Inter-level travel time spent in this place.
 D = Time resting spent in this place.
 E = Time spent auto-exploring this place.
 F = Levels seen in this place.
 G = Mean time per level.
                   A        B        C        D        E       F      G
               +--------+--------+--------+--------+--------+-----+--------+
         Total |    685 |    655 |     30 |     20 |    450 |   2 |  342.5 |
       Dungeon |    685 |    655 |     30 |     20 |    450 |   2 |  342.5 |
               +--------+--------+--------+--------+--------+-----+--------+

Top non-repeatable levels by time:
     D:1: 478 daAuts
     D:2: 206 daAuts
